 Dungeon Crawl Stone Soup version 0.29-a0-284-gf9362112df (webtiles) character file.

Game seed: 16856411803531059862

333 being54 the Covered (level 6, -4/56 HPs)
             Began as a Minotaur Fighter on Mar 21, 2022.
             Splashed by a jelly's acid (8 damage)
             ... on level 4 of the Dungeon.
             The game lasted 00:06:29 (3570 turns).

being54 the Covered (Minotaur Fighter)              Turns: 3570, Time: 00:06:29

Health: -4/56      AC:  5    Str: 23    XL:     6   Next: 27%
Magic:  5/5        EV:  7    Int:  5    God:
Gold:   192        SH:  4    Dex:  9    Spells: 5/5 levels left

rFire   . . .      SeeInvis .   a - +1 war axe (elec)
rCold   . . .      Faith    .   c - +0 buckler
rNeg    . . .      Spirit   .   g - +0 chain mail
rPois   .          Reflect  .   j - +2 hat
rElec   .          Harm     .   (no cloak)
rCorr   .          Rampage  .   (no gloves)
Will    .....                   i - +0 pair of boots
Stlth   ..........              (no amulet)
HPRegen 0.18/turn               (no ring)
MPRegen 0.09/turn               (no ring)

@: corroded
A: horns 2, retaliatory headbutt
a: no special abilities


You were on level 4 of the Dungeon.
You visited 1 branch of the dungeon, and saw 4 of its levels.
You also visited: Sewer.

You collected 192 gold pieces.

Inventory:

Hand Weapons
 a - a +1 war axe of electrocution (weapon)
Armour
 c - a +0 buckler (worn)
 g - a +0 chain mail (worn)
 i - a +0 pair of boots (worn)
 j - a +2 hat (worn)
Scrolls
 h - 3 scrolls of blinking
 o - a scroll of summoning
Potions
 b - 2 potions of curing
 d - 2 potions of might
 e - a potion of berserk rage
 f - a potion of lignification {unknown}
 k - a potion of flight
 l - a potion of ambrosia {unknown}
 m - a potion of magic {unknown}


   Skills:
 + Level 5.2 Fighting
 + Level 4.5 Axes
 + Level 5.3 Armour
 + Level 5.2 Shields


You had 5 spell levels left.
You didn't know any spells.
Your spell library contained the following spells:

 Spells                   Type           Power      Damage    Failure   Level
 Summon Small Mammal      Summ           0%         N/A       99%         1
 Ensorcelled Hibernation  Hex/Ice        0%         N/A       100%        2
 Call Canine Familiar     Summ           0%         N/A       100%        3
 Spider Form              Tmut/Pois      0%         N/A       100%        3
 Summon Guardian Golem    Hex/Summ       0%         N/A       100%        3
 Anguish                  Hex/Necr       0%         N/A       100%        4
 Flame Wave               Conj/Fire      0%         2d4       100%        4
 Petrify                  Tmut/Erth      0%         N/A       100%        4
 Metabolic Englaciation   Hex/Ice        0%         N/A       100%        5
 Starburst                Conj/Fire      0%         6d3       100%        6
 Statue Form              Tmut/Erth      0%         N/A       100%        6
 Ignition                 Fire           0%         3d3       100%        8


Dungeon Overview and Level Annotations

Branches:
Dungeon (4/15)              Sewer (visited)
 Temple: D:4-7

Altars:

Shops:
D:2 (   D:3 =!:?


Innate Abilities, Weirdness & Mutations

You have a pair of horns on your head.
You reflexively headbutt those who attack you in melee.


Message History

The endoplasm quivers.
You slash the centaur! Lightning courses through the centaur!
You kill the centaur!
You hit the jelly.
Your hands burn!
You slash the worm! The jelly hits you but does no damage.
The worm bites you but does no damage.
You have reached level 6!
You slash the worm! Lightning courses through the worm!
You kill the worm!
You hit the jelly. The acid corrodes you!
Your hands burn!
The jelly barely misses you.
A steam dragon comes into view.
The jelly hits you but does no damage.
You barely miss the endoplasm. You barely miss the jelly.
You closely miss the hobgoblin.
The steam dragon hisses angrily.
You hear a shout!
You block the jelly's attack.
The hobgoblin hits you but does no damage.
The endoplasm hits you but does no damage.
You slash the endoplasm!
You kill the endoplasm!
You hit the jelly but do no damage. The acid corrodes you!
Your hands burn!
You slash the hobgoblin!
You kill the hobgoblin!
The jelly hits you.
You are splashed with acid.
You block the jelly's attack. The steam dragon bites you.
The steam dragon closely misses you. The jelly hits you but does no damage.
You see here a hobgoblin corpse.
You hit the steam dragon but do no damage.
You hit the jelly.
Your hands burn!
The steam dragon bites you. The steam dragon claws you.
* * * LOW HITPOINT WARNING * * *
The jelly hits you.
* * * LOW HITPOINT WARNING * * *
You are splashed with acid!
* * * LOW HITPOINT WARNING * * *
The jelly hits you.
* * * LOW HITPOINT WARNING * * *
You are splashed with acid!
You die...

......... ..........
....... .........#
#.....# .........#
#.....## .....[...#
......# .........###.
.....# . .............
#....# .#
.......<..#####.D..#.#.#
.#..)........###@....:#
###..........[..J)...#.#
#..)..................#
.....................#.#
................###...#.
........##......# ..#.#
........###.....# ).#.
......... #..........#.#
.............[.##### #.


You could see a steam dragon and a jelly.

Vanquished Creatures
  A centaur (D:4)
  An orc priest (D:3)
  An orc wizard (D:3)
  8 adders
  4 river rats (Sewer)
  2 ufetubi
  2 worms (D:4)
  A dart slug (D:2)
  3 orcs (D:3)
  9 ball pythons
  5 endoplasms
  5 giant cockroaches
  3 goblins
  6 hobgoblins
  2 jackals (Sewer)
  6 kobolds
  4 quokkas
  9 bats
  5 frilled lizards
  3 rats
80 creatures vanquished.

Notes
Turn   | Place    | Note
-------+----------+-------------------------------------------
     0 | D:1      | being54 the Minotaur Fighter began the quest for the Orb.
     0 | D:1      | Reached XP level 1. HP: 19/19 MP: 0/0
   132 | D:1      | Reached XP level 2. HP: 27/27 MP: 1/1
   137 | D:1      | Got the Grimoire of the Volcanoes
   624 | D:1      | Found a faded altar of an unknown god.
   996 | D:2      | Found Ataaxaw's Weapon Emporium.
  1006 | D:2      | Reached XP level 3. HP: 25/33 MP: 2/2
  1606 | D:3      | Found Hefohout's Jewellery Boutique.
  1620 | D:3      | Found Jodaabon's Distillery.
  1694 | D:3      | Reached XP level 4. HP: 30/40 MP: 3/3
  1812 | D:3      | Found a glowing drain.
  1822 | Sewer    | Entered a sewer
  2087 | Sewer    | Reached XP level 5. HP: 24/47 MP: 4/4
  2967 | D:3      | Found Epliogeesm's Magic Scroll Shoppe.
  2982 | D:3      | Reached skill level 5 in Armour
  2989 | D:3      | Reached skill level 5 in Fighting
  2989 | D:3      | Reached skill level 5 in Shields
  3328 | D:3      | Found Voriul's Book Shop.
  3555 | D:4      | Noticed a centaur
  3563 | D:4      | Killed a centaur
  3564 | D:4      | Reached XP level 6. HP: 43/56 MP: 5/5
  3564 | D:4      | Noticed a steam dragon
  3570 | D:4      | Splashed by a jelly's acid

Illustrated notes

Levels and vault maps discovered:
D:1:      dpeg_arrival_simpleton_a, layout_loops_ring,
          shapermc_ecumenical_altar_mp_vishouse, chequers_serial_rivers_micro_d,
          serial_bayou_pond_c
D:2:      layout_basic, serial_shops, nicolae_lakefront_shop
D:3:      layout_rooms, serial_shops, shop, shop, nicolae_shop_advertising_works
          [nicolae_subvault_shop_adworks], nicolae_lakefront_shop,
          portal_sewer_entry_b, minivault_4, chequers_serial_rivers_large_a
D:4:      layout_cave_pools, st_stairs_10, minivault_23, minmay_misc_feat_alley

Skill      XL: |  1  2  3  4  5 |
---------------+----------------+-----
Armour         | 4 5 |  5.3
Shields        | 4 5 |  5.2
Fighting       | 4 5 |  5.2
Axes           | 3 4 |  4.5

Action                   |  1- 3 |  4- 6 || total
-------------------------+-------+-------++-------
Melee: War axe           |    69 |   106 ||   175
       Headbutt          |    10 |    10 ||    20
  Use: Scroll            |     5 |     6 ||    11
       Potion            |       |     3 ||     3
Armor: Scale mail        |    10 |       ||    10
       Chain mail        |    34 |    83 ||   117
Dodge: Dodged            |    25 |    64 ||    89
Block: Buckler           |    22 |    32 ||    54

Table legend: (Time is in decaauts)
 A = Elapsed time spent in this place.
 B = Non-inter-level travel time spent in this place.
 C = Inter-level travel time spent in this place.
 D = Time resting spent in this place.
 E = Time spent auto-exploring this place.
 F = Levels seen in this place.
 G = Mean time per level.
                   A        B        C        D        E       F      G
               +--------+--------+--------+--------+--------+-----+--------+
         Total |   3865 |   3604 |    261 |    185 |   2602 |   5 |  773.0 |
       Dungeon |   2601 |   2340 |    261 |      0 |   1968 |   4 |  650.2 |
         Sewer |   1264 |   1264 |      0 |    185 |    634 |   1 | 1264.0 |
               +--------+--------+--------+--------+--------+-----+--------+

Top non-repeatable levels by time:
   Sewer: 1264 daAuts
     D:3: 915 daAuts
     D:2: 867 daAuts
     D:1: 759 daAuts
     D:4: 58 daAuts
